 Dungeon Crawl Stone Soup version 0.25.1-2-g60ff931df9 (webtiles) character file.

Game seed: 15313024447575457537

1055 Exodus22XD the Covert (level 8, -1/40 HPs)
             Began as a Spriggan Assassin on Nov 7, 2020.
             Slain by an orc warrior
             ... wielding a +0 trident
              (19 damage)
             ... on level 6 of the Dungeon.
             The game lasted 00:09:38 (5628 turns).

Exodus22XD the Covert (Spriggan Assassin)           Turns: 5628, Time: 00:09:39

Health: -1/40      AC:  3    Str:  7    XL:     8   Next: 5%
Magic:  9/9        EV: 23    Int: 12    God:
Gold:   240        SH:  5    Dex: 26    Spells: 7/7 levels left

rFire    + . .     SeeInvis +   y - +7 dagger "Foril" {flame, rF+ MR- Dex+6}
rCold    . . .     Gourm    .   (shield restricted)
rNeg     . . .     Faith    .   b - +0 robe
rPois    .         Spirit   .   (helmet restricted)
rElec    .         Reflect  +   c - +0 cloak
rCorr    .         Harm     .   (gloves unavailable)
MR       .....                  (boots unavailable)
Stlth    +++++.....             p - amulet of reflection
HPRegen  0.13/turn              (no ring)
MPRegen  0.11/turn              (no ring)

@: very quick
A: very small, unfitting armour, see invisible, herbivore, speed 3, slow
metabolism 2
a: no special abilities


You were on level 6 of the Dungeon.
You were hungry.

You visited 2 branches of the dungeon, and saw 7 of its levels.

You collected 240 gold pieces.

Inventory:

Hand Weapons
 k - a +2 short sword of protection
 s - a +2 dagger of holy wrath
 t - a +1 dagger of draining
 y - the +7 dagger "Foril" (weapon) {flame, rF+ MR- Dex+6}
   (You found it on level 5 of the Dungeon)

   It has been specially enchanted to burn those struck by it, causing extra
   injury to most foes and up to half again as much damage against particularly
   susceptible opponents.
   It affects your dexterity (+6).
   It protects you from fire.
   It affects your resistance to hostile enchantments.
Missiles
 d - 36 poisoned darts (quivered)
 e - 2 curare-tipped darts
Armour
 b - a +0 robe (worn)
 c - a +0 cloak (worn)
Jewellery
 g - an uncursed amulet of regeneration
 p - an amulet of reflection (around neck)
 u - an uncursed amulet of magic regeneration
Wands
 A - a wand of flame (21)
Scrolls
 a - a scroll of magic mapping
 h - a scroll of enchant weapon
 j - 2 scrolls of amnesia
 l - 4 scrolls of remove curse
 m - 2 scrolls of fear
 n - 3 scrolls of teleportation
 o - a scroll of immolation
 v - 2 scrolls of noise {unknown}
 w - a scroll of enchant armour {unknown}
Potions
 i - a potion of heal wounds {unknown}
 q - 3 potions of lignification
 r - 2 potions of curing
 x - a potion of berserk rage {unknown}
 z - a potion of mutation {unknown}
 B - 2 potions of brilliance {unknown}
Comestibles
 f - 13 rations


   Skills:
 + Level 3.0 Fighting
 + Level 6.4 Short Blades
 + Level 2.0 Throwing
 + Level 5.7 Dodging
 + Level 10.4 Stealth


You had 7 spell levels left.
You didn't know any spells.
Your spell library was empty.

Dungeon Overview and Level Annotations

Branches:
Dungeon (6/15)             Temple (1/1) D:6

Altars:
Ashenzari
Cheibriados
Fedhas
Gozag
Hepliaklqana
Kikubaaqudgha
Makhleb
Nemelex Xobeh
Qazlal
Ru
Sif Muna
Trog
Uskayaw
Vehumet
Wu Jian
Xom
Zin
The Shining One
Jiyva


Innate Abilities, Weirdness & Mutations

You are very small and have problems with some larger weapons.
You are too small for most types of armour.
You have supernaturally acute eyesight. (SInv)
You are a herbivore.
You cover ground extremely quickly.
You need to consume almost no food.


Message History

Can't find anything matching that.
Unknown command.
Unknown command.
You barely miss the orc warrior.
The orc warrior is moderately wounded.
The orc warrior hits you with a +0 trident!
Throwing (i - inventory. (/) - cycle)
d - 38 poisoned darts (quivered)
Press: ? - help, Shift-Dir - straight line, f - orc warrior
Aim: an orc warrior, wielding a +0 trident and wearing a +0 chain mail (moderately wounded)
You throw a poisoned dart. The poisoned dart hits the orc warrior.
The orc warrior is poisoned.
The orc warrior is moderately wounded.
Throwing (i - inventory. (/) - cycle)
d - 37 poisoned darts (quivered)
Press: ? - help, Shift-Dir - straight line, f/p - orc warrior
Aim: an orc warrior, wielding a +0 trident and wearing a +0 chain mail (moderately wounded, poisoned)
You throw a poisoned dart. The poisoned dart hits the orc warrior.
The orc warrior looks even sicker.
The orc warrior is moderately wounded.
The orc warrior hits you from afar with a +0 trident!!
You die...

#.# .# #... >. #...
##.### ≈≈≈## #...
.....# #≈≈≈# ..#
#....### #≈≈≈# ####.#
...#....
#≈≈≈##....#####)...##
#≈≈≈## #..@.o()....#
#≈≈≈###.#####)#...#
#≈≈≈##.# #.# ...
#########≈≈##.# #.# #
#.....#.......# #.#
#.#<#.#.####### #..
#.#...#.....# ###
##.#.###.###.#####+#
...#.# #####........


You could see an orc warrior (very poisoned).

Vanquished Creatures
  2 sky beasts (D:6)
  A phantom (D:4)
  A bullfrog (D:4)
  A scorpion (D:4)
  A crimson imp (D:5)
  A bullfrog zombie (D:5)
  A hound (D:5)
  A bullfrog skeleton (D:4)
  3 orc priests
  2 orc wizards (D:4)
  7 worker ants
  Robin (D:3)
  7 adders
  2 shadow imps
  3 oozes
  An adder zombie (D:5)
  3 worms
  4 dart slugs
  5 leopard geckos
  14 orcs
  3 ball pythons
  2 giant cockroaches
  15 goblins
  8 hobgoblins
  4 jackals (D:1)
  A quokka (D:2)
  11 bats
  6 frilled lizards
  6 kobolds
  3 rats
120 creatures vanquished.

Notes
Turn   | Place    | Note
-------+----------+-------------------------------------------
     0 | D:1      | Exodus22XD the Spriggan Assassin began the quest for the
                  | Orb.
     0 | D:1      | Reached XP level 1. HP: 10/10 MP: 2/2
    77 | D:1      | Reached skill level 6 in Stealth
   443 | D:1      | Reached XP level 2. HP: 11/14 MP: 3/3
   980 | D:1      | Reached XP level 3. HP: 17/18 MP: 4/4
  1106 | D:2      | Reached skill level 7 in Stealth
  1403 | D:2      | Found a sparkling altar of Nemelex Xobeh.
  1674 | D:2      | Reached XP level 4. HP: 23/23 MP: 5/5
  2419 | D:3      | Found a blossoming altar of Fedhas.
  2716 | D:3      | Noticed Robin
  2737 | D:3      | Killed Robin
  2737 | D:3      | Reached XP level 5. HP: 24/26 MP: 6/6
  2968 | D:4      | Reached skill level 8 in Stealth
  3302 | D:4      | Reached skill level 9 in Stealth
  3302 | D:4      | Reached XP level 6. HP: 27/30 MP: 7/7
  3715 | D:4      | Reached XP level 7. HP: 35/35 MP: 8/8
  3790 | D:4      | Reached skill level 5 in Short Blades
  4231 | D:4      | Found a hazy altar of Hepliaklqana.
  4302 | D:5      | Entered Level 5 of the Dungeon
  4354 | D:5      | Reached skill level 5 in Dodging
  4396 | D:5      | Reached skill level 10 in Stealth
  4426 | D:5      | Found a shimmering blue altar of Sif Muna.
  4943 | D:5      | Found a hide-covered altar of Uskayaw.
  5081 | D:5      | Got a fading dagger
  5082 | D:5      | Identified the +7 dagger "Foril" {flame, rF+ MR- Dex+6}
                  | (You found it on level 5 of the Dungeon)
  5212 | D:6      | Found a radiant altar of Vehumet.
  5367 | D:6      | Found a shattered altar of Ashenzari.
  5375 | D:6      | Reached XP level 8. HP: 39/39 MP: 9/9
  5382 | D:6      | Found a staircase to the Ecumenical Temple.
  5410 | Temple   | Entered the Ecumenical Temple
  5628 | D:6      | Slain by an orc warrior

Illustrated notes

Levels and vault maps discovered:
D:1:      sevenhm_arrival_forest_fort_small_5, layout_basic
D:2:      layout_loops_ring, nemelex_xobeh_ov_fountains_minmay
D:3:      layout_basic, overflow_temple_1_default, serial_glass,
          glass_columns_b, glass_columns_a, glass_columns_c, glass_columns_a,
          glass_columns_c, glass_columns_a, uniq_robin
D:4:      layout_basic, lemuel_round_altar, minmay_crystal_water, minmay_vboxes
D:5:      layout_basic, overflow_temple_1_default, marbit_many_paths,
          first_ration
D:6:      layout_basic, nicolae_ashenzari_panopticon, old_standard_altar,
          vehumet_altar_wand_db, minmay_temple_entry_sparse_star,
          kennysheep_opposing_triangles
Temple:   pf_slime_end_temple

Skill      XL: |  1  2  3  4  5  6  7  8 |
---------------+-------------------------+-----
Stealth        | 6 7 9 10 | 10.4
Dodging        | 2 3 4 5 |  5.7
Short Blades   | 3 4 6 |  6.4
Fighting       | 2 3 |  3.0
Throwing       | |  2.0

Action                   |  1- 3 |  4- 6 |  7- 9 || total
-------------------------+-------+-------+-------++-------
Melee: Dagger            |    81 |    93 |   144 ||   318
       Short sword       |    53 |   112 |    24 ||   189
Throw: Dart              |       |       |     2 ||     2
  Use: Scroll            |       |     7 |     3 ||    10
       Potion            |       |     2 |       ||     2
 Stab: Sleeping          |    10 |    21 |     7 ||    38
  Eat: Ration            |       |       |     1 ||     1
Armor: Robe              |    15 |    26 |     9 ||    50
Dodge: Dodged            |   105 |   131 |    86 ||   322
Block: Other             |       |       |    15 ||    15
